[Event "Titled Tuesday Blitz June 20 Late 2023"]
[White "Suarez Uriel, Adrian"]
[Black "Jaskolka, Tomasz"]
[WhiteFideId "22230874"]
[BlackFideId "1170791"]
[WhiteElo "2331"]
[BlackElo "2155"]
[Result "1-0"]
[Round "11"]
[TimeControl "180+2"]
[Date "2023.06.20"]
[WhiteClock "0:00:48"]
[BlackClock "0:00:14"]
[Board "49"]

1. e4 d5 2. exd5 Nf6 3. d4 Bg4 4. Bb5+ c6 5. dxc6 Nxc6 6. Be2 Qxd4 7. Nc3 Qxd1+ 8. Bxd1 Bf5 9. Nge2 O-O-O 10. Ng3 Bg6 11. Be3 e6 12. h4 Bb4 13. h5 Bxc3+ 14. bxc3 Be4 15. h6 Rdg8 16. hxg7 Rxg7 17. Nxe4 Nxe4 18. Bf3 f5 19. g3 Rd8 20. Bxe4 fxe4 21. Rh4 Rgd7 22. Rxe4 e5 23. Ke2 Rd5 24. Rh1 R8d7 25. Reh4 Ra5 26. a4 a6 27. Bb6 Rad5 28. Rxh7 Rd2+ 29. Kf3 Rxh7 30. Rxh7 Rxc2 31. a5 Rxc3+ 32. Ke4 Ra3 33. g4 Ra4+ 34. Kf5 Rf4+ 35. Kg5 Ra4 36. Kh5 Nxa5 37. g5 Nc4 38. g6 Ra1 39. Rc7+ Kb8 40. Rxc4 a5 41. g7 Rh1+ 42. Rh4 Rg1 43. Rg4 Rh1+ 44. Kg6 Kc8 45. g8=Q+ Kd7 46. Qd5+ Ke7 47. Qxh1 a4 48. Kf5 Kd6 49. Rg6+ Kd7 50. Qh7+ Ke8 51. Rg8# 1-0


[Site "https://www.chess.com"]

[Event "Titled Tuesday Blitz June 20 Late 2023"]
[White "Czerw, Dawid"]
[Black "Banzea, Alexandru-Bogdan"]
[WhiteFideId "1145746"]
[BlackFideId "1232622"]
[WhiteElo "2144"]
[BlackElo "2294"]
[Result "0-1"]
[Round "11"]
[TimeControl "180+2"]
[Date "2023.06.20"]
[WhiteClock "0:01:35"]
[BlackClock "0:00:34"]
[Board "50"]

1. e4 c6 2. Nc3 d5 3. Qf3 dxe4 4. Nxe4 Nf6 5. Bc4 Nbd7 6. d4 Nb6 7. Bd3 Qxd4 8. Ne2 Qd8 9. Bg5 Nxe4 10. Bxe4 Be6 11. Rd1 Qc8 12. O-O Bg4 13. Qd3 Nd7 14. f3 Nc5 15. Qe3 Nxe4 16. fxg4 Qxg4 17. Bf4 Nf6 18. Nd4 Nd5 19. Qb3 Nxf4 20. Qxb7 Qxg2# 0-1


[Site "https://www.chess.com"]

[Event "Titled Tuesday Blitz June 20 Late 2023"]
[White "Gomez Barrera, Javiera Belen"]
[Black "Sreyas Payyappat"]
[WhiteFideId "3418723"]
[BlackFideId "46674969"]
[WhiteElo "2119"]
[BlackElo "2043"]
[Result "0-1"]
[Round "11"]
[TimeControl "180+2"]
[Date "2023.06.20"]
[WhiteClock "0:00:00"]
[BlackClock "0:00:06"]
[Board "51"]

1. e4 c6 2. d4 d5 3. e5 Bf5 4. h4 Qc7 5. g4 Bd7 6. Nc3 h5 7. gxh5 Nh6 8. Nf3 Bg4 9. Rg1 e6 10. Bxh6 Bxf3 11. Qxf3 Rxh6 12. O-O-O Nd7 13. Kb1 a6 14. Ne2 c5 15. c3 O-O-O 16. Qxf7 Kb8 17. Rg6 cxd4 18. cxd4 Qb6 19. Rxh6 gxh6 20. Rd3 Qb4 21. Rc3 Ka7 22. Qxe6 Nb6 23. a3 Qb5 24. Qh3 Nc4 25. Rb3 Nd2+ 26. Ka2 Qc4 27. Qc3 Nxf1 28. Qxc4 dxc4 29. Rf3 Nd2 30. Rf6 Be7 31. Rxh6 Bxh4 32. Rh7 Nb3 33. e6 Re8 34. d5 Nc5 0-1


[Site "https://www.chess.com"]

[Event "Titled Tuesday Blitz June 20 Late 2023"]
[White "Kujawski, Adam"]
[Black "Ortega Amarelle, Mariano"]
[WhiteFideId "1100920"]
[BlackFideId "3504301"]
[WhiteElo "2054"]
[BlackElo "2392"]
[Result "0-1"]
[Round "11"]
[TimeControl "180+2"]
[Date "2023.06.20"]
[WhiteClock "0:00:00"]
[BlackClock "0:01:33"]
[Board "52"]

1. e4 d5 2. exd5 Qxd5 3. Nc3 Qa5 4. d4 Nf6 5. Nf3 Bf5 6. Bd2 c6 7. Bc4 e6 8. Qe2 Qc7 9. O-O-O Be7 10. Ne5 Nbd7 11. f3 Nxe5 12. dxe5 Nd7 13. g4 Bg6 14. h4 h5 15. Bd3 Bxd3 16. Qxd3 O-O-O 17. f4 Nxe5 18. Qe3 Nc4 19. Qxa7 Nxd2 20. Rxd2 Rxd2 21. Qa8+ Qb8 22. Qxb8+ Kxb8 23. Kxd2 hxg4 24. h5 f5 25. Ne2 Bc5 26. Ke1 Kc7 27. c3 Be3 28. a3 Kd6 29. Kf1 Kd5 30. Kg2 Ke4 31. Re1 c5 32. b4 b6 33. a4 Rd8 34. a5 bxa5 35. bxa5 Rd2 36. a6 Ra2 37. Kf1 Kf3 0-1


[Site "https://www.chess.com"]

[Event "Titled Tuesday Blitz June 20 Late 2023"]
[White "Ionescu, Mihai"]
[Black "Avila Pavas, Santiago"]
[WhiteFideId "1202499"]
[BlackFideId "4437128"]
[WhiteElo "2279"]
[BlackElo "2449"]
[Result "0-1"]
[Round "11"]
[TimeControl "180+2"]
[Date "2023.06.20"]
[WhiteClock "0:00:17"]
[BlackClock "0:01:27"]
[Board "53"]

1. Nf3 Nf6 2. d4 c5 3. c3 cxd4 4. cxd4 d5 5. Nc3 Nc6 6. Bf4 Bg4 7. e3 e6 8. Qb3 Qb6 9. Ne5 Nxe5 10. Bxe5 Nd7 11. Bb5 Bd6 12. Bxd6 Qxd6 13. Qa4 Ke7 14. Bxd7 Qxd7 15. Qxd7+ Kxd7 16. Kd2 Rhc8 17. Rhc1 Bh5 18. Na4 b6 19. Rxc8 Rxc8 20. Rc1 Rb8 21. b4 a6 22. Nb2 Bg6 23. Nd3 f6 24. a4 Kd6 25. Nb2 e5 26. Rc3 Re8 27. f3 Rb8 28. Nd3 h5 29. h4 Be8 30. Nb2 Bd7 31. f4 e4 32. Ra3 g5 33. fxg5 fxg5 34. hxg5 Rg8 35. Ke2 Rxg5 36. Kf2 h4 37. a5 b5 38. Ra1 h3 39. gxh3 Bxh3 40. Rg1 Rxg1 41. Kxg1 Bg4 42. Kf2 Ke6 43. Kg3 Kf5 44. Kh4 Be2 45. Kh3 Kg5 46. Kg3 Bg4 47. Kh2 Kh4 48. Kg2 Bf3+ 49. Kh2 Kg4 50. Kg1 Kg3 51. Kf1 Bg4 52. Ke1 Kg2 53. Kd2 Kf2 54. Na4 bxa4 55. b5 axb5 56. a6 Bc8 0-1


[Site "https://www.chess.com"]

[Event "Titled Tuesday Blitz June 20 Late 2023"]
[White "Cuenca Jimenez, Jose Fernando"]
[Black "Balla, Tamas-Kristof"]
[WhiteFideId "2255570"]
[BlackFideId "1208497"]
[WhiteElo "2418"]
[BlackElo "2334"]
[Result "0-1"]
[Round "11"]
[TimeControl "180+2"]
[Date "2023.06.20"]
[WhiteClock "0:00:05"]
[BlackClock "0:00:15"]
[Board "54"]

1. e4 c5 2. Nf3 Nc6 3. d4 cxd4 4. Nxd4 e5 5. Nb5 d6 6. c4 Be7 7. N1c3 a6 8. Na3 f5 9. exf5 Bxf5 10. Bd3 Be6 11. Nc2 Nf6 12. Ne3 O-O 13. O-O Qd7 14. b3 Rae8 15. Bb2 Bd8 16. Ne4 Bb6 17. Nxd6 Rd8 18. Ba3 Bc7 19. c5 b6 20. b4 a5 21. Bb5 axb4 22. Bxb4 bxc5 23. Bxc5 Bxd6 24. Qa4 Bxc5 25. Bxc6 Qd4 26. Qc2 Rc8 27. Rfd1 Qb4 28. Rab1 Qa3 29. Bb7 Bxe3 30. Bxc8 Bxc8 31. fxe3 Qxe3+ 32. Qf2 Qg5 33. Rf1 Be6 34. a4 Bc4 35. Rfe1 Ng4 36. Qg3 e4 37. h3 Qc5+ 38. Kh1 Nf2+ 39. Kh2 Bd5 40. Rb5 Qd4 41. Rbb1 Nd3 42. Red1 Qxa4 43. Ra1 Qd4 44. Rf1 Re8 45. Rfd1 h6 46. Rab1 Qe5 47. Qxe5 Rxe5 48. Rd2 Nf4 49. Re1 e3 50. Rd4 Nxg2 51. Kg3 Nxe1 52. Rxd5 Rxd5 53. Kf4 Nc2 54. Ke4 Rd7 55. Kf3 Rd2 56. Kf4 e2 57. Kf5 e1=Q 58. Kg6 Qe6+ 59. Kh5 Qf5+ 60. Kh4 Qf4+ 61. Kh5 Rd5+ 62. Kg6 Qf5# 0-1


[Site "https://www.chess.com"]

[Event "Titled Tuesday Blitz June 20 Late 2023"]
[White "Spata, German"]
[Black "Krishnakumar, Sriram"]
[WhiteFideId "113026"]
[BlackFideId "30915856"]
[WhiteElo "2260"]
[BlackElo "2461"]
[Result "1-0"]
[Round "11"]
[TimeControl "180+2"]
[Date "2023.06.20"]
[WhiteClock "0:00:09"]
[BlackClock "0:00:35"]
[Board "55"]

1. b3 g6 2. Bb2 Nf6 3. Nf3 Bg7 4. e3 O-O 5. Be2 d5 6. O-O c5 7. c4 e6 8. cxd5 exd5 9. d4 b6 10. Nc3 Bb7 11. Rc1 Nbd7 12. dxc5 bxc5 13. Na4 Rc8 14. Ba3 Ne4 15. Nd2 Qe7 16. Nxe4 dxe4 17. Qc2 Be5 18. Nxc5 Nxc5 19. Bxc5 Qc7 20. g3 Bd6 21. b4 Bxc5 22. bxc5 Qa5 23. Rfd1 Rc7 24. Bg4 f5 25. Qc4+ Kh8 26. Qd4+ Kg8 27. Be2 Ba6 28. Bc4+ Bxc4 29. Qxc4+ Kg7 30. c6 Qe5 31. Rd7+ Rxd7 32. cxd7 Rd8 33. Qc7 Qe7 34. Rd1 a6 35. Qc3+ Qf6 36. Qc7 Qe7 37. h4 h5 38. a4 a5 39. Rd6 Kh7 40. Qc6 Qf7 41. Qc7 Qe7 42. Kg2 Kg7 43. Qc3+ Kh7 44. Qd4 Qf7 45. Qa7 Qe7 46. Qxa5 Rxd7 47. Rxd7 Qxd7 48. Qb5 Qd1 49. Qb7+ Kh6 50. Qc8 Qf3+ 51. Kg1 Qd1+ 52. Kh2 Kh7 53. Qc7+ Kh6 54. Qb8 Qf3 55. Qh8# 1-0


[Site "https://www.chess.com"]

[Event "Titled Tuesday Blitz June 20 Late 2023"]
[White "Martic, Ivan"]
[Black "Fiedorek, Michal"]
[WhiteFideId "929301"]
[BlackFideId "1199528"]
[WhiteElo "2346"]
[BlackElo "2135"]
[Result "0-1"]
[Round "11"]
[TimeControl "180+2"]
[Date "2023.06.20"]
[WhiteClock "0:00:12"]
[BlackClock "0:00:12"]
[Board "56"]

1. e4 c6 2. d3 d5 3. Nd2 dxe4 4. dxe4 g6 5. Ngf3 Bg7 6. Bc4 Nf6 7. O-O O-O 8. c3 b5 9. Bb3 Nbd7 10. Qe2 Nc5 11. Bc2 Qb6 12. b4 Na4 13. Bxa4 bxa4 14. Nc4 Ba6 15. Nxb6 Bxe2 16. Nxa8 Bxf1 17. Kxf1 Rxa8 18. Nd2 a5 19. bxa5 Rxa5 20. Rb1 Rb5 21. f3 Nd7 22. c4 Rxb1 23. Nxb1 Nb6 24. Na3 f5 25. Ke2 Kf7 26. Kd3 Ke6 27. Be3 Nd7 28. exf5+ gxf5 29. f4 Kd6 30. Nc2 e5 31. g3 e4+ 32. Ke2 Nc5 33. Bd4 Ne6 34. Ba7 Bc3 35. h3 h5 36. Bb6 Nc5 37. Ba7 Nd3 38. Ne3 Ke6 39. a3 Bb2 40. g4 hxg4 41. h4 Nxf4+ 42. Kd2 g3 43. Bb8 Be5 44. Bxe5 Kxe5 45. c5 g2 46. Nxg2 Nxg2 47. h5 Kf6 48. Kc3 e3 49. Kd3 f4 50. Ke2 Kg5 51. Kf3 Nh4+ 52. Ke2 Kxh5 53. Kd3 Kg4 54. Ke2 Nf5 55. Kf1 f3 56. Ke1 Kg3 57. Kf1 e2+ 58. Ke1 Kg2 59. Kd2 Ng3 60. Kc2 e1=Q 61. Kb2 Qd2+ 0-1


[Site "https://www.chess.com"]

[Event "Titled Tuesday Blitz June 20 Late 2023"]
[White "Seletsky, Grigory"]
[Black "Martins, Bruno Andre Leite"]
[WhiteFideId "14112191"]
[BlackFideId "1942255"]
[WhiteElo "2491"]
[BlackElo "2241"]
[Result "1-0"]
[Round "11"]
[TimeControl "180+2"]
[Date "2023.06.20"]
[WhiteClock "0:01:10"]
[BlackClock "0:00:02"]
[Board "57"]

1. b3 e5 2. Bb2 Nc6 3. e3 d5 4. Bb5 Bd6 5. Ne2 Nf6 6. d3 O-O 7. Bxc6 bxc6 8. Nd2 Be6 9. h3 Nd7 10. O-O Qg5 11. f3 Bxh3 12. Rf2 Be6 13. f4 exf4 14. exf4 Qh4 15. Nf3 Qg4 16. Nh2 Qh5 17. g4 Bxg4 18. Nxg4 Qxg4+ 19. Rg2 Qxg2+ 20. Kxg2 Rae8 21. Ng3 g6 22. Qf1 Re3 23. Re1 Rfe8 24. Rxe3 Rxe3 25. Bd4 Re8 26. c4 c5 27. Bc3 d4 28. Bd2 Nf6 29. Qf3 h5 30. Ne4 Nxe4 31. dxe4 f6 32. Be1 Kf7 33. Bg3 Rh8 34. e5 Be7 35. Qd5+ Kg7 36. Qe6 1-0


[Site "https://www.chess.com"]

[Event "Titled Tuesday Blitz June 20 Late 2023"]
[White "Mendez Fortes, Eduardo Jesus"]
[Black "Kielinkei"]
[WhiteFideId "3502376"]
[WhiteElo "2307"]
[BlackElo "2452"]
[Result "1-0"]
[Round "11"]
[TimeControl "180+2"]
[Date "2023.06.20"]
[WhiteClock "0:02:42"]
[BlackClock "0:00:00"]
[Board "58"]

1. e4 c5 2. Nf3 e6 3. d4 cxd4 4. Nxd4 Nc6 5. Nc3 Qc7 6. Be3 a6 7. Qd2 Nf6 8. O-O-O Be7 9. f3 O-O 10. g4 Nxd4 11. Bxd4 d6 12. h4 Nd7 13. g5 b5 14. Kb1 b4 15. Ne2 a5 16. Ng3 Rb8 17. h5 a4 18. g6 e5 19. Nf5 Bf6 20. Be3 b3 21. cxb3 axb3 22. axb3 Rxb3 23. Nxd6 Nc5 24. Bxc5 Qxc5 25. Bc4 Rb8 26. Bxf7+ Kh8 27. Ba2 h6 28. Nf7+ Rxf7 29. gxf7 Ba6 30. Qd6 1-0


[Site "https://www.chess.com"]

[Event "Titled Tuesday Blitz June 20 Late 2023"]
[White "Pinheiro, Iung Alicio de O."]
[Black "Ansh M Shah"]
[WhiteFideId "2104350"]
[BlackFideId "25033379"]
[WhiteElo "2283"]
[BlackElo "2084"]
[Result "1-0"]
[Round "11"]
[TimeControl "180+2"]
[Date "2023.06.20"]
[WhiteClock "0:01:23"]
[BlackClock "0:01:18"]
[Board "59"]

1. d4 c6 2. c4 d5 3. Nc3 Nf6 4. cxd5 cxd5 5. Bf4 Nc6 6. e3 a6 7. Rc1 Bf5 8. Nf3 e6 9. Qb3 Ra7 10. Be2 Bd6 11. Bxd6 Qxd6 12. O-O O-O 13. Na4 Raa8 14. Qxb7 Na5 15. Qc7 Qb4 16. b3 Ne4 17. Ne5 Nd2 18. Rfd1 Ndxb3 19. axb3 Nxb3 20. Nb6 Nxc1 21. Rxc1 Qd2 22. Nxa8 Qxe2 23. Nb6 a5 24. Nbd7 Ra8 25. Qc8+ Rxc8 26. Rxc8# 1-0


[Site "https://www.chess.com"]

[Event "Titled Tuesday Blitz June 20 Late 2023"]
[White "Herrera, Juan Sebastian"]
[Black "Shapiro, Viktor"]
[WhiteFideId "4403266"]
[BlackFideId "4175700"]
[WhiteElo "2255"]
[BlackElo "2212"]
[Result "1-0"]
[Round "11"]
[TimeControl "180+2"]
[Date "2023.06.20"]
[WhiteClock "0:00:56"]
[BlackClock "0:00:15"]
[Board "60"]

1. Nf3 Nf6 2. g3 d5 3. Bg2 Bg4 4. O-O Nbd7 5. d4 e6 6. c4 c6 7. b3 Bd6 8. Bb2 O-O 9. h3 Bxf3 10. Bxf3 a5 11. a4 Qc7 12. Nc3 Bb4 13. Rc1 Rad8 14. cxd5 exd5 15. Nxd5 Nxd5 16. Bxd5 Nf6 17. Bf3 Rfe8 18. Qc2 Qb6 19. Rfd1 Bd6 20. Kg2 Nd5 21. e4 Nb4 22. Qc4 Bf8 23. d5 cxd5 24. exd5 Bd6 25. Qg4 Be5 26. Bxe5 Rxe5 27. d6 Re6 28. d7 Nc6 29. Qg5 h6 30. Qb5 Qc7 31. Bg4 Re7 32. h4 g6 33. Qc5 Re5 34. Qc3 f5 35. Bf3 Rxd7 36. Rxd7 Qxd7 37. Bxc6 Qxc6+ 38. Qxc6 bxc6 39. Rxc6 Kg7 40. Ra6 Rc5 41. Ra7+ Kf6 42. Rb7 Rc3 43. Rb5 g5 44. h5 g4 45. Kf1 Kg5 46. Ke2 Rf3 47. Rxa5 Rxb3 48. Rb5 Ra3 49. a5 Ra2+ 50. Ke3 Ra3+ 51. Kd4 Ra2 52. Kc5 Rxf2 53. Kb6 Ra2 54. a6 Kxh5 55. Rxf5+ Kg6 56. Ra5 Rb2+ 57. Rb5 Ra2 58. a7 Rxa7 59. Kxa7 h5 60. Kb6 h4 61. gxh4 g3 62. Rg5+ 1-0


[Site "https://www.chess.com"]

[Event "Titled Tuesday Blitz June 20 Late 2023"]
[White "Karamsetty, Jeevan"]
[Black "KorolDimitriy75"]
[WhiteFideId "2025337"]
[WhiteElo "2131"]
[BlackElo "2435"]
[Result "1/2-1/2"]
[Round "11"]
[TimeControl "180+2"]
[Date "2023.06.20"]
[WhiteClock "0:01:45"]
[BlackClock "0:00:13"]
[Board "61"]

1. Nf3 c5 2. b3 Nc6 3. Bb2 d6 4. c4 e5 5. e3 g6 6. d4 exd4 7. exd4 Bg7 8. Be2 Nge7 9. Na3 O-O 10. O-O Bg4 11. Nc2 Nf5 12. Rb1 Bxf3 13. Bxf3 Nfxd4 14. Nxd4 Nxd4 15. Bxb7 Rb8 16. Bd5 Qd7 17. Bxd4 Bxd4 18. Qf3 Kg7 19. Rbe1 Rbc8 20. Re4 Rce8 21. Rxd4 cxd4 22. Bc6 Qe6 23. Bxe8 Rxe8 24. g3 Qe2 25. Qxe2 Rxe2 26. Rd1 Rxa2 27. Rxd4 Rb2 28. Rd3 Kf8 29. Kg2 Ke7 30. Kf3 a5 31. h4 h5 32. Ke3 Ke6 33. f3 f6 34. Kd4 Rg2 35. Re3+ Kd7 36. f4 Rb2 37. Kc3 Rg2 38. Rd3 Kc6 39. Re3 Kd7 40. Kd4 Rd2+ 41. Kc3 Rg2 1/2-1/2


[Site "https://www.chess.com"]

[Event "Titled Tuesday Blitz June 20 Late 2023"]
[White "Buchenau, Frank"]
[Black "Ismayil, Malak"]
[WhiteFideId "4604350"]
[BlackFideId "13412604"]
[WhiteElo "2157"]
[BlackElo "1868"]
[Result "0-1"]
[Round "11"]
[TimeControl "180+2"]
[Date "2023.06.20"]
[WhiteClock "0:00:00"]
[BlackClock "0:00:16"]
[Board "62"]

1. e4 e5 2. Bc4 Nc6 3. Nf3 Bc5 4. c3 Nf6 5. d3 O-O 6. O-O h6 7. Re1 d6 8. Nbd2 a6 9. b4 Bb6 10. a4 Be6 11. Bxe6 fxe6 12. Nc4 Ba7 13. Be3 Qe8 14. b5 axb5 15. axb5 Bxe3 16. Rxe3 Ne7 17. b6 Qc6 18. bxc7 Qxc7 19. Rb1 Rfb8 20. Qb3 b5 21. Ncd2 Kf7 22. d4 Nc6 23. d5 exd5 24. exd5 Na5 25. Qc2 Nxd5 26. Qf5+ Nf6 27. Ne4 Qe7 28. Rd1 Nc4 29. Red3 Ra6 30. Re1 Kg8 31. Nxf6+ Qxf6 32. Qd7 Qf7 33. Qg4 Re8 34. h3 d5 35. Nh4 Rf6 36. f3 Rf4 37. Qg3 Kh7 38. Qf2 e4 39. Rd4 e3 40. Qg3 Rxd4 41. cxd4 Qf6 0-1


[Site "https://www.chess.com"]

[Event "Titled Tuesday Blitz June 20 Late 2023"]
[White "whiteglovethief"]
[Black "Stachanczyk, Jacek"]
[BlackFideId "1116657"]
[WhiteElo "2509"]
[BlackElo "2084"]
[Result "1/2-1/2"]
[Round "11"]
[TimeControl "180+2"]
[Date "2023.06.20"]
[WhiteClock "0:01:45"]
[BlackClock "0:01:18"]
[Board "63"]

1. d4 d5 2. c4 c6 3. Nf3 Nf6 4. e3 Bg4 5. h3 Bxf3 6. Qxf3 e6 7. Nc3 Nbd7 8. a3 Be7 9. Bd3 O-O 10. e4 dxe4 11. Nxe4 Nxe4 12. Bxe4 Nf6 13. Be3 Nxe4 14. Qxe4 a5 15. O-O a4 16. Rad1 Qc7 17. d5 exd5 18. cxd5 cxd5 19. Rxd5 Bf6 20. Rb5 Rfe8 21. Qxb7 Qxb7 22. Rxb7 Reb8 23. Rxb8+ Rxb8 24. Rc1 Bxb2 25. Rc4 Bxa3 26. Rxa4 Bd6 27. g3 h6 28. h4 Rb5 29. Kg2 Kh7 30. Ra7 f6 31. Bd4 Be5 32. Bxe5 Rxe5 33. Rb7 h5 34. Ra7 Kg6 35. Rb7 Kh7 36. Ra7 Kg6 37. Rb7 Kh7 1/2-1/2


[Site "https://www.chess.com"]

[Event "Titled Tuesday Blitz June 20 Late 2023"]
[White "Papayan, Oleg"]
[Black "Castella Garcia, Fausto"]
[WhiteFideId "4193911"]
[BlackFideId "3501922"]
[WhiteElo "2167"]
[BlackElo "2245"]
[Result "1-0"]
[Round "11"]
[TimeControl "180+2"]
[Date "2023.06.20"]
[WhiteClock "0:00:43"]
[BlackClock "0:00:40"]
[Board "64"]

1. e4 c5 2. d4 cxd4 3. Qxd4 Nc6 4. Qd3 Nf6 5. Nc3 e6 6. Bf4 Bb4 7. Ne2 d5 8. O-O-O dxe4 9. Qxd8+ Nxd8 10. Nb5 Nd5 11. Rxd5 exd5 12. Nc7+ Ke7 13. Nxa8 Ne6 14. Nc7 Nxc7 15. Bxc7 f5 16. Be5 Kf7 17. c3 Bc5 18. Bd4 b6 19. Nf4 Bb7 20. h4 Rc8 21. Kd2 a5 22. Bb5 g6 23. g3 h6 24. Bxc5 bxc5 25. Rd1 d4 26. Ne2 Rd8 27. cxd4 cxd4 28. Rc1 Ke6 29. Rc7 Ba8 30. Nf4+ Kf6 31. Ra7 g5 32. hxg5+ hxg5 33. Ne2 d3 34. Nc3 f4 35. gxf4 gxf4 36. Rxa5 Rd6 37. Rxa8 1-0


[Site "https://www.chess.com"]

[Event "Titled Tuesday Blitz June 20 Late 2023"]
[White "Sivakumar, Shaaketh"]
[Black "Taranenko, Evgueniy"]
[WhiteFideId "30940176"]
[BlackFideId "14122138"]
[WhiteElo "2174"]
[BlackElo "2101"]
[Result "0-1"]
[Round "11"]
[TimeControl "180+2"]
[Date "2023.06.20"]
[WhiteClock "0:00:00"]
[BlackClock "0:00:16"]
[Board "65"]

1. d4 f5 2. g3 Nf6 3. Bg2 d6 4. Nf3 g6 5. O-O Bg7 6. c4 O-O 7. Nc3 Qe8 8. Re1 Qf7 9. b3 Ne4 10. Bb2 Nd7 11. Qc2 Ndf6 12. d5 Bd7 13. Rad1 a5 14. a3 h6 15. Nd4 c6 16. dxc6 bxc6 17. h3 Rab8 18. e3 Nxc3 19. Bxc3 Ne4 20. Ba1 c5 21. Ne2 Bxa1 22. Rxa1 a4 23. bxa4 Ra8 24. Nf4 Rxa4 25. Nd5 Bc6 26. Reb1 Ra7 27. Nf4 g5 28. Nd3 Rfa8 29. Rb6 Ra6 30. Qb3 Nd2 31. Rb8+ Kh7 32. Qb2 Rxb8 33. Qxb8 Bxg2 34. Kxg2 Nxc4 35. Rb1 Qd5+ 36. Kg1 Qxd3 37. Qb7 Ra7 38. Qxa7 Qxb1+ 39. Kh2 Qe4 40. a4 Nd2 41. a5 Nf3+ 42. Kg2 Ne5+ 43. Kf1 Nd3 0-1


[Site "https://www.chess.com"]

[Event "Titled Tuesday Blitz June 20 Late 2023"]
[White "Xu, Yi"]
[Black "Kostiukov, Alexandr"]
[WhiteFideId "8605564"]
[BlackFideId "14108100"]
[WhiteElo "2460"]
[BlackElo "2202"]
[Result "1-0"]
[Round "11"]
[TimeControl "180+2"]
[Date "2023.06.20"]
[WhiteClock "0:00:19"]
[BlackClock "0:00:00"]
[Board "66"]

1. d4 g6 2. Nf3 Bg7 3. g3 d6 4. Bg2 e5 5. O-O Qe7 6. c4 Nf6 7. Nc3 O-O 8. e4 h6 9. h3 a5 10. Re1 Nc6 11. Nd5 Qd8 12. dxe5 Nxe5 13. Nxe5 dxe5 14. Be3 Nd7 15. Qd2 c6 16. Nc3 Kh7 17. Rad1 Qe7 18. Na4 b5 19. cxb5 cxb5 20. Nc3 b4 21. Nd5 Qd6 22. h4 Bb7 23. Nxb4 Qxb4 24. Qxb4 axb4 25. Rxd7 Bc8 26. Rc7 Rxa2 27. Bc5 Re8 28. Bf1 Be6 29. Rb1 Bf8 30. Be3 b3 31. Bd2 Ra4 32. f3 Rc8 33. Rxc8 Bxc8 34. Bc3 1-0


[Site "https://www.chess.com"]

[Event "Titled Tuesday Blitz June 20 Late 2023"]
[White "D`Arruda, Ricardo D."]
[Black "Jiang, Andrew"]
[WhiteFideId "100692"]
[BlackFideId "30953510"]
[WhiteElo "2524"]
[BlackElo "1883"]
[Result "1-0"]
[Round "11"]
[TimeControl "180+2"]
[Date "2023.06.20"]
[WhiteClock "0:00:44"]
[BlackClock "0:00:04"]
[Board "67"]

1. d4 d5 2. Nf3 Nf6 3. c4 e6 4. e3 c5 5. Nc3 Nc6 6. cxd5 Nxd5 7. Be2 Be7 8. O-O O-O 9. e4 Nxc3 10. bxc3 b6 11. Be3 Bb7 12. d5 exd5 13. exd5 Na5 14. c4 Bf6 15. Rc1 Re8 16. Re1 Qd7 17. Qd2 Qd6 18. Bg5 Bxg5 19. Qxg5 h6 20. Qd2 Re7 21. Bf1 Rae8 22. Rxe7 Rxe7 23. Re1 Ba6 24. Rxe7 Qxe7 25. d6 Qd8 26. Ne5 Bb7 27. Be2 Nc6 28. Nxc6 Bxc6 29. Bg4 Bd7 30. Bxd7 Qxd7 31. g3 f6 32. Qd5+ Kf8 33. h4 g6 34. a4 a5 35. Kg2 h5 36. Kf1 Kg7 37. Kg2 Kf8 38. f3 Kg7 39. Kf2 Kf8 40. Ke3 Qxa4 41. d7 Qb3+ 42. Kf2 Qc2+ 43. Kg1 Qc1+ 44. Kh2 Qc2+ 45. Kh3 Kg7 46. d8=Q Qf2 47. Qe7+ Kh6 48. Qf8+ Kh7 49. Qdg8# 1-0


[Site "https://www.chess.com"]

[Event "Titled Tuesday Blitz June 20 Late 2023"]
[White "Bruedigam, Martin"]
[Black "Slavin, Alexey"]
[WhiteFideId "24608033"]
[BlackFideId "24104388"]
[WhiteElo "2331"]
[BlackElo "2264"]
[Result "1-0"]
[Round "11"]
[TimeControl "180+2"]
[Date "2023.06.20"]
[WhiteClock "0:00:41"]
[BlackClock "0:00:00"]
[Board "68"]

1. c4 Nc6 2. Nc3 Nf6 3. g3 e5 4. Bg2 Bc5 5. e3 d6 6. Nge2 a6 7. d4 exd4 8. exd4 Ba7 9. h3 O-O 10. O-O Re8 11. Bg5 h6 12. Be3 Ne7 13. Qd2 Nf5 14. Bf4 Rb8 15. Rfe1 Bd7 16. g4 Nh4 17. Bh1 Ng6 18. Bg3 Bc6 19. Nd5 Nxd5 20. cxd5 Bd7 21. Rac1 Bb6 22. Qd3 Qe7 23. Bf3 Nh4 24. Bxh4 Qxh4 25. Kg2 h5 26. gxh5 Qxh3+ 27. Kg1 Bg4 28. Be4 Qxh5 29. Ng3 Qh3 30. Bf5 Bxf5 31. Qxf5 Qxf5 32. Nxf5 g6 33. Rxe8+ Rxe8 34. Ne3 Re4 35. Nc2 Kf8 36. Kf1 Ke7 37. f3 Rh4 38. Kg2 Kd7 39. Kg3 Rh5 40. Ne3 Bxd4 41. Ng4 Rxd5 42. b3 f5 43. Nh2 Be5+ 44. f4 Rd3+ 45. Nf3 Bf6 46. Kf2 c5 47. Rg1 Rc3 48. Rxg6 Bd4+ 49. Kg3 Rc2 50. Rg5 Rxa2 51. Rxf5 1-0


[Site "https://www.chess.com"]

[Event "Titled Tuesday Blitz June 20 Late 2023"]
[White "Bogaudinov, Rushan"]
[Black "Golubev, Mikhail"]
[WhiteFideId "4129288"]
[BlackFideId "14100983"]
[WhiteElo "1967"]
[BlackElo "2374"]
[Result "1-0"]
[Round "11"]
[TimeControl "180+2"]
[Date "2023.06.20"]
[WhiteClock "0:00:14"]
[BlackClock "0:00:00"]
[Board "69"]

1. e4 c5 2. Nf3 d6 3. d4 cxd4 4. Nxd4 Nf6 5. Nc3 g6 6. Be2 Bg7 7. O-O O-O 8. Bf3 Nbd7 9. Re1 Ne5 10. Be2 Nc6 11. Nb3 Be6 12. Be3 d5 13. exd5 Nxd5 14. Nxd5 Bxd5 15. c3 b6 16. Bf3 Bxf3 17. Qxf3 Qc7 18. Rad1 e5 19. h4 a5 20. a4 Rae8 21. h5 Re6 22. h6 Bh8 23. Bg5 Rfe8 24. Qd5 e4 25. Qd7 Qe5 26. Be3 Qb8 27. Qd5 Ne7 28. Qb5 Nf5 29. Nd4 Bxd4 30. cxd4 Nxe3 31. Rxe3 f5 32. d5 Rd6 33. Rc3 f4 34. Rc6 e3 35. fxe3 Rxc6 36. dxc6 Qc7 37. Qd5+ Kf8 38. exf4 Re7 39. Qd8+ Qxd8 40. Rxd8+ Kf7 41. Rb8 Ke6 42. Rxb6 Kd6 43. Ra6 Kc5 44. Kf2 Kb4 45. Rb6+ Kxa4 46. Rb7 Re4 47. Rxh7 1-0


[Site "https://www.chess.com"]

[Event "Titled Tuesday Blitz June 20 Late 2023"]
[White "Uzcategui Rodriguez, Alejandro"]
[Black "Omariev, Maksim"]
[WhiteFideId "3903400"]
[BlackFideId "4193423"]
[WhiteElo "2252"]
[BlackElo "2420"]
[Result "0-1"]
[Round "11"]
[TimeControl "180+2"]
[Date "2023.06.20"]
[WhiteClock "0:01:05"]
[BlackClock "0:00:20"]
[Board "70"]

1. e4 c5 2. Nf3 d6 3. d4 cxd4 4. Nxd4 Nf6 5. Nc3 a6 6. Bc4 e6 7. Bb3 b5 8. Qf3 Qc7 9. O-O Be7 10. Qg3 O-O 11. Nf3 Bb7 12. a3 Nbd7 13. Be3 Nxe4 14. Nxe4 Bxe4 15. Rad1 Nc5 16. Bd4 Bg6 17. h4 Nxb3 18. cxb3 h5 19. Ng5 Bxg5 20. Qxg5 Rac8 21. Bc3 e5 22. f4 exf4 23. Rxf4 Rfe8 24. g4 Qc5+ 25. Qxc5 dxc5 26. gxh5 Bxh5 27. Rd5 Be2 28. Rg5 g6 29. h5 Bxh5 30. Rh4 Kf8 31. Bf6 Re6 32. Rhxh5 gxh5 33. Bc3 Rg6 34. Rxg6 fxg6 35. Kh2 Kf7 36. Kh3 Ke6 37. Kh4 Kf5 38. Bd2 Rd8 39. Bg5 Rd3 40. Be7 Rxb3 41. Bxc5 Rxb2 42. a4 bxa4 43. Ba3 Rb3 44. Bc1 Rb4+ 45. Kh3 g5 46. Kg3 Rc4 47. Bd2 Rd4 48. Kf3 Rxd2 49. Ke3 Rb2 50. Kd4 Rb3 51. Kc4 h4 52. Kc5 h3 53. Kd6 h2 54. Ke7 g4 55. Kf7 g3 56. Kg7 g2 57. Kh6 a3 58. Kg7 a2 59. Kf8 a5 60. Kf7 a4 61. Kf8 a3 62. Kf7 a1=Q 63. Kf8 a2 64. Kf7 Qb2 65. Kf8 a1=Q 66. Kf7 g1=Q 67. Kf8 h1=Q 68. Kf7 Qbb1 69. Kf8 Ra3 70. Kf7 Qab2 71. Kf8 Q2c1 72. Kf7 Ra1 73. Kf8 Ke4 74. Kf7 Kd3 75. Ke6 Kd2 76. Ke5 Kd1 77. Kf6 Qf4+ 78. Ke7 Qbb7+ 79. Kd8 Qgd4+ 80. Ke8 Qhh8# 0-1


[Site "https://www.chess.com"]